 Dungeon Crawl Stone Soup version 0.19-a0-1048-g709fac1 (webtiles) character file.

111 FitzyFitz the Insei (level 4, 0/29 HPs)
             Began as an Octopode Transmuter on July 31, 2016.
             Was an Initiate of Cheibriados.
             Slain by Grinder (6 damage)
             ... on level 3 of the Dungeon.
             The game lasted 00:07:14 (1792 turns).

FitzyFitz the Insei (Octopode Transmuter)           Turns: 1792, Time: 00:07:15

Health: 0/29       AC:  1    Str:  7 (10) XL:     4   Next: 92%
Magic:  0/7        EV: 13    Int: 15 (17) God:    Cheibriados [......]
Gold:   72         SH:  0    Dex: 10 (13) Spells: 3 memorised, 1 level left

rFire  . . .     SeeInvis .     g - +4 great mace
rCold  . . .     Gourm    .     (shield currently unavailable)
rNeg   . . .     Faith    .     (helmet restricted)
rPois  .         Spirit   .     (no amulet)
rElec  .         Dismiss  .     (no ring)
rCorr  .         Reflect  .     (no ring)
SustAt .         Harm     .     (no ring)
MR     .....                    (no ring)
Stlth  ++........               (no ring)
                                (no ring)
                                (no ring)
                                (no ring)

@: very slightly contaminated, hasted, quick, not resistant to hostile
enchantments, unstealthy
A: almost no armour, amphibious, 8 rings, constrict 8, camouflage 1, gelatinous
body 1
a: Bend Time, Renounce Religion


You were on level 3 of the Dungeon.
You worshipped Cheibriados.
Cheibriados was noncommittal.
You were hungry.

You visited 1 branch of the dungeon, and saw 3 of its levels.

You collected 72 gold pieces.

Inventory:

Hand Weapons
 d - a +0 hand axe
 g - a +4 great mace (weapon)
 j - a +0 short sword
 l - a +0 mace
 t - a cursed -3 whip
Missiles
 a - 30 arrows
 e - 4 javelins (quivered)
 h - 24 stones
 i - 15 sling bullets
 s - 6 needles of sleeping
Scrolls
 n - a scroll of fog {unknown}
 p - 2 scrolls of noise {unknown}
 r - 2 scrolls of enchant armour {unknown}
 u - a scroll of random uselessness {unknown}
 w - a scroll of blinking {unknown}
Books
 b - a book of Changes

   Spells                             Type                      Level
   a - Beastly Appendage              Transmutation                1
   b - Sticks to Snakes               Transmutation                2
   c - Spider Form                    Transmutation/Poison         3
   d - Ice Form                       Ice/Transmutation            4
   e - Blade Hands                    Transmutation                5
Comestibles
 c - a bread ration
 f - 2 meat rations
 k - 2 slices of pizza
 o - a beef jerky


   Skills:
 + Level 2.0 Fighting
 - Level 2.0 Dodging
 - Level 4.0 Unarmed Combat
 - Level 2.0 Spellcasting
 + Level 3.6 Transmutations


You had one spell level left.
You knew the following spells:

 Your Spells              Type           Power        Failure   Level  Hunger
a - Beastly Appendage     Tmut           ##....       6%          1    #......
b - Sticks to Snakes      Tmut           ##......     10%         2    ###....
c - Spider Form           Tmut/Pois      #.........   34%         3    ###....


Dungeon Overview and Level Annotations

Branches:
Dungeon (3/15)

Altars:
Cheibriados
Fedhas
Nemelex Xobeh
The Shining One

Annotations:
D:3 Grinder, Robin


Innate Abilities, Weirdness & Mutations

You cannot wear most types of armour.
You are amphibious.
You can wear up to eight rings at the same time.
You can use your tentacles to constrict eight enemies at once.
Your skin changes colour to match your surroundings (Stealth+).
Your rubbery body absorbs attacks. (AC +1, EV +1)


Message History

It was a potion of haste.
You feel yourself speed up.
Cheibriados forgives your accidental hurry, just this once.
Grinder hits your adder.
Your adder writhes in agony.
You are very lightly contaminated with residual magic.
It was a potion of degeneration.
There was something very wrong with that liquid.
You feel weakened.
You feel dopey.
You feel clumsy.
Your adder closely misses Grinder.
Grinder says, "Just stop there for a second..."
Grinder hits your adder!
Your adder dies!
You closely miss Grinder. Your grab misses Grinder.
Grinder is lightly wounded.
Grinder misses you. Grinder closely misses you.
You sock Grinder! You grab Grinder.
Grinder is moderately wounded.
You constrict Grinder, but do no damage.
You are feeling hungry.
Grinder hits you.
You die...

##.#.###..#(.#
#.............
##..#####.$...
#......#..#..#
#.#..........
#.#(##.......
#.#.........$
#.#.#..#$^#...#
#..5@..#S.... .
#...#.##.##.#....
#. #. #.##.# ...
#. #....# ## #.
###### #. .. #.


You could see Grinder.

Vanquished Creatures
  5 adders
  A worm (D:2)
  2 dart slugs
  A giant gecko (D:2)
  2 giant cockroaches (D:1)
  9 goblins
  4 hobgoblins (D:2)
  9 jackals
  A quokka (D:3)
  4 bats
  A giant newt (D:3)
  6 kobolds
  6 rats
51 creatures vanquished.

Vanquished Creatures (collateral kills)
  An adder (D:3)
1 creature vanquished.

Grand Total: 52 creatures vanquished

Notes
Turn   | Place    | Note
-------+----------+-------------------------------------------
     0 | D:1      | FitzyFitz the Octopode Transmuter began the quest for the Orb.
     0 | D:1      | Reached XP level 1. HP: 13/13 MP: 3/3
   275 | D:1      | Reached XP level 2. HP: 17/18 MP: 5/5
   833 | D:1      | Learned a level 2 spell: Sticks to Snakes
   847 | D:2      | Reached XP level 3. HP: 12/23 MP: 6/6
  1129 | D:2      | Reached skill level 4 in Unarmed Combat
  1148 | D:2      | Found a blossoming altar of Fedhas.
  1168 | D:2      | Reached XP level 4. HP: 27/28 MP: 7/7
  1256 | D:2      | Found a sparkling altar of Nemelex Xobeh.
  1257 | D:2      | Found a glowing golden altar of the Shining One.
  1257 | D:2      | Found a snail-covered altar of Cheibriados.
  1278 | D:2      | Became a worshipper of Cheibriados the Contemplative
  1424 | D:2      | Learned a level 3 spell: Spider Form
  1509 | D:3      | Noticed Robin
  1758 | D:3      | Noticed Grinder
  1792 | D:3      | Slain by Grinder

Vault maps used:
D:1:      dpeg_arrival_long_road
D:2:      nicolae_overflow_crystal_walls, grunt_temple_overflow_open
D:3:      first_bread, uniq_grinder, uniq_robin

Skill      XL: |  1  2  3  4 |
---------------+-------------+-----
Transmutations | 3 |  3.6
Unarmed Combat | 4 |  4.0
Fighting       | 2 |  2.0
Dodging        | |  2.0
Spellcasting   | |  2.0

Action                   |  1- 3 |  4- 6 || total
-------------------------+-------+-------++-------
Melee: Unarmed           |    60 |       ||    60
       Constrict         |    14 |     7 ||    21
       Tentacles         |     5 |     1 ||     6
       Punch             |     1 |       ||     1
       Great mace        |    13 |    35 ||    48
Throw: Javelin           |       |     1 ||     1
 Cast: Sticks to Snakes  |       |     4 ||     4
  Use: Potion            |     2 |     2 ||     4
 Stab: Sleeping          |     7 |     3 ||    10
  Eat: Chunk             |     1 |     2 ||     3
Armor: Skin              |     9 |     1 ||    10
Dodge: Dodged            |    39 |    33 ||    72
